 Dungeon Crawl Stone Soup version 0.16.1-11-g651b585 (webtiles) character file.

51 hulla the Changer (level 3, -4/23 HPs)
             Began as an Octopode Transmuter on Mar 30, 2015.
             Killed from afar by a goblin (7 damage)
             ... led by Robin
             ... on level 3 of the Dungeon.
             The game lasted 00:11:17 (2722 turns).

hulla the Changer (Octopode Transmuter)             Turns: 2722, Time: 00:11:18

Health: -4/23      AC:  1    Str:  9    XL:     3   Next: 83%
Magic:  4/6        EV: 12    Int: 16    God:
Gold:   130        SH:  0    Dex: 12    Spells: 3 memorised, 0 levels left

rFire  . . .     SeeInvis .     a - +0 hunting sling
rCold  . . .     Clarity  .     (no shield)
rNeg   . . .     SustAb   .     (helmet restricted)
rPois  .         Gourm    .     (no amulet)
rElec  .         Spirit   .     (no ring)
rCorr  .         Warding  .     (no ring)
rMut   .         Stasis   .     (no ring)
MR     .....                    (no ring)
Stlth  ++........               (no ring)
                                (no ring)
                                (no ring)
                                (no ring)

@: not resistant to hostile enchantments, unstealthy
A: almost no armour, amphibious, 8 rings, constrict 8, camouflage 1, gelatinous
body 1
a: no special abilities


You were on level 3 of the Dungeon.
You were not hungry.

You visited 1 branch of the dungeon, and saw 3 of its levels.

You collected 130 gold pieces.

Inventory:

Hand weapons
 a - a +0 hunting sling (weapon)
 s - a cursed -2 short sword
Missiles
 b - 33 arrows
 e - 15 poisoned arrows
 m - 17 sling bullets
 n - 10 poisoned needles
 o - 49 stones (quivered)
Jewellery
 p - a +3 ring of strength {unknown}
Scrolls
 c - 6 scrolls of remove curse {unknown}
 f - a scroll of amnesia {unknown}
 g - a scroll of recharging {unknown}
 j - a scroll of blinking {unknown}
 l - a scroll of random uselessness {unknown}
 q - a scroll of noise {unknown}
 t - a scroll of identify {unknown}
 u - a scroll of enchant armour {unknown}
Potions
 i - a potion of curing {unknown}
 k - a potion of magic {unknown}
 v - a potion of haste {unknown}
Books
 d - a book of Changes

   Spells                             Type                      Level
   a - Beastly Appendage              Transmutation                1
   b - Sticks to Snakes               Transmutation                2
   c - Spider Form                    Transmutation/Poison         3
   d - Ice Form                       Ice/Transmutation            4
   e - Blade Hands                    Transmutation                5
Comestibles
 h - 3 bread rations
 r - a chunk of flesh


   Skills:
 - Level 1.0 Fighting
 - Level 2.0 Dodging
 - Level 3.0 Unarmed Combat
 - Level 2.0 Spellcasting
 - Level 3.3 Transmutations
 + Level 2.3 Poison Magic


You couldn't memorise any spells.
You knew the following spells:

 Your Spells              Type           Power        Failure   Level  Hunger
a - Beastly Appendage     Trmt           ##....       8%          1    #......
b - Spider Form           Trmt/Pois      ##........   21%         3    ###....
c - Sticks to Snakes      Trmt           ##........   10%         2    ###....


Dungeon Overview and Level Annotations

Branches:
Dungeon (3/15)

Altars:
Zin

Annotations:
D:3 Natasha, Robin


Innate Abilities, Weirdness & Mutations

You cannot wear most types of armour.
You are amphibious.
You can wear up to eight rings at the same time.
You can use your tentacles to constrict many enemies at once.
Your skin changes colour to match your surroundings (Stealth).
Your rubbery body absorbs attacks (AC +1).


Message History

The hobgoblin shouts!
The goblin unwields an uncursed dagger of venom.
It stops dripping with poison.
The goblin wields a hunting sling.
The goblin shoots an exploding sling bullet.
The exploding sling bullet hits you.
The exploding sling bullet explodes!
The explosion of sling bullet fragments engulfs you!
You hear a shout! x3
Robin roars a battlecry!
The goblins go into a battle-frenzy!
The hobgoblin closely misses you.
Your transformation is almost over.
A hobgoblin comes into view. It is wielding a club.
Your transformation has ended.
Your +0 hunting sling unmelds from your body.
The goblin shoots an exploding sling bullet.
The exploding sling bullet hits you!
* * * LOW HITPOINT WARNING * * *
The exploding sling bullet explodes!
The explosion of sling bullet fragments engulfs you!
You die...

##### #########
#...#############.......###
#........##.................
...........................
#...........................
#...............@.gg..# ##.
#.......#..........#..# #####(.?.
#.......###........#..###).)(....
.........#####........g..gg#.....
.......#.# ###.##...g.g.g...g...g
......##.# #.........(g..........
......##.......##.....##......(..
.......####....##..............#(
##....# #...[##.......^...##.#


You could see Robin, 2 hobgoblins and a goblin (frenzied).

Vanquished Creatures
  A worm (D:2)
  An ooze (D:3)
  5 giant cockroaches
  7 goblins
  A hobgoblin (D:1)
  5 jackals
  A quokka (D:2)
  2 ball pythons
  8 bats
  A giant gecko (D:1)
  3 giant newts
  2 kobolds
  9 rats
46 creatures vanquished.

Notes
Turn   | Place    | Note
--------------------------------------------------------------
     0 | D:1      | hulla, the Octopode Transmuter, began the quest for the Orb.
     0 | D:1      | Reached XP level 1. HP: 13/13 MP: 3/3
   456 | D:1      | Reached XP level 2. HP: 6/18 MP: 4/4
  1270 | D:1      | Reached XP level 3. HP: 21/23 MP: 6/6
  1275 | D:1      | Learned a level 3 spell: Spider Form
  1278 | D:1      | Learned a level 2 spell: Sticks to Snakes
  1677 | D:2      | Found a glowing silver altar of Zin.
  1775 | D:2      | Reached skill level 1 in Poison Magic
  2409 | D:3      | Noticed Natasha
  2708 | D:3      | Noticed Robin
  2722 | D:3      | Killed from afar by a goblin

Action                   || total
-------------------------++-------
Melee: Unarmed           ||    98
 Fire: Hunting sling     ||    23
 Cast: Beastly Appendage ||    12
       Sticks to Snakes  ||     3
       Spider Form       ||     1
 Stab: Sleeping          ||     3
       Distracted        ||     1
  Eat: Chunk             ||     6
